Workbook

Sheet Assumptions
B1: RADIO SHACK FINANCIAL MODEL
B2: Model Assumptions
D3: HISTORICAL FINANCIAL STATEMENTS | G3: PROJECTED FINANCIAL STATEMENTS
B4: ($ in millions) | D4: Fiscal Year Ending December 31, | G4: Fiscal Year Ending December 31,
D5: 2003 | E5: =D5+1 -> 2004 | F5: =E5+1 -> 2005 | G5: =F5+1 -> 2006 | H5: =G5+1 -> 2007 | I5: =H5+1 -> 2008 | J5: =I5+1 -> 2009 | K5: =J5+1 -> 2010
B6: Income statement drivers/assumptions
B7: Net sales growth rate | E7: =Model!E7/Model!D7-1 -> 0.041275031 | F7: =Model!F7/Model!E7-1 -> 0.049677766 | G7: =AVERAGE(D7:F7) -> 0.045476398 | H7: =G7 -> 0.045476398 | I7: =H7 -> 0.045476398 | J7: =I7 -> 0.045476398 | K7: =J7 -> 0.045476398
B8: Cost of products sold as % of net sales | D8: =Model!D8/Model!D7 -> 0.50192502 | E8: =Model!E8/Model!E7 -> 0.49712881 | F8: =Model!F8/Model!F7 -> 0.532558 | G8: =AVERAGE(D8:F8) -> 0.51053728 | H8: =G8 -> 0.51053728 | I8: =H8 -> 0.51053728 | J8: =I8 -> 0.51053728 | K8: =J8 -> 0.51053728
B9: SG&A as % of net sales | D9: =Model!D12/Model!D7 -> 0.37424989 | E9: =Model!E12/Model!E7 -> 0.36660332 | F9: =Model!F12/Model!F7 -> 0.37422516 | G9: =AVERAGE(D9:F9) -> 0.37169279 | H9: =G9 -> 0.37169279 | I9: =H9 -> 0.37169279 | J9: =I9 -> 0.37169279 | K9: =J9 -> 0.37169279
B10: Depreciation and amortization as % of sales | D10: =Model!D13/Model!D7 -> 0.019787925 | E10: =Model!E13/Model!E7 -> 0.02094522 | F10: =Model!F13/Model!F7 -> 0.024361926 | G10: =AVERAGE(D10:F10) -> 0.021698357 | H10: =G10 -> 0.021698357 | I10: =H10 -> 0.021698357 | J10: =I10 -> 0.021698357 | K10: =J10 -> 0.021698357
B11: Other income | D11: =Model!D20 -> 12 | E11: =Model!E20 -> 2 | F11: =Model!F20 -> 10.2 | G11: =AVERAGE(D11:F11) -> 8.0666667 | H11: =G11 -> 8.0666667 | I11: =H11 -> 8.0666667 | J11: =I11 -> 8.0666667 | K11: =J11 -> 8.0666667
B12: Tax rate | D12: =Model!D24/Model!D22 -> 0.36865482 | E12: =Model!E24/Model!E22 -> 0.37797454 | F12: =Model!F24/Model!F22 -> 0.16049767 | G12: =AVERAGE(D12:F12) -> 0.30237568 | H12: =G12 -> 0.30237568 | I12: =H12 -> 0.30237568 | J12: =I12 -> 0.30237568 | K12: =J12 -> 0.30237568
B15: Balance sheet drivers/assumptions
B16: Days of accounts and notes receivable | E16: =Model!E36/Model!E7*365 -> 18.170082 | F16: =Model!F36/Model!F7*365 -> 22.223075 | G16: =AVERAGE(D16:F16) -> 20.196578 | H16: =G16 -> 20.196578 | I16: =H16 -> 20.196578 | J16: =I16 -> 20.196578 | K16: =J16 -> 20.196578
B17: Days of inventory | E17: =Model!E37/Model!E8*365 -> 152.22109 | F17: =Model!F37/Model!F8*365 -> 130.13653 | G17: =AVERAGE(D17:F17) -> 141.17881 | H17: =G17 -> 141.17881 | I17: =H17 -> 141.17881 | J17: =I17 -> 141.17881 | K17: =J17 -> 141.17881
B18: Other current assets as % of net sales | E18: =Model!E38/Model!E7 -> 0.019106833 | F18: =Model!F38/Model!F7 -> 0.025385206 | G18: =AVERAGE(D18:F18) -> 0.022246019 | H18: =G18 -> 0.022246019 | I18: =H18 -> 0.022246019 | J18: =I18 -> 0.022246019 | K18: =J18 -> 0.022246019
B19: Days of accounts payable | E19: =Model!E49/Model!E8*365 -> 67.06403 | F19: =Model!F49/Model!F8*365 -> 66.207922 | G19: =AVERAGE(D19:F19) -> 66.635976 | H19: =G19 -> 66.635976 | I19: =H19 -> 66.635976 | J19: =I19 -> 66.635976 | K19: =J19 -> 66.635976
B20: Accrued expenses and other current liabilities as % of sales | E20: =Model!E50/Model!E7 -> 0.070664298 | F20: =Model!F50/Model!F7 -> 0.074679733 | G20: =AVERAGE(D20:F20) -> 0.072672016 | H20: =G20 -> 0.072672016 | I20: =H20 -> 0.072672016 | J20: =I20 -> 0.072672016 | K20: =J20 -> 0.072672016
B22: Cash flow drivers/assumptions
B23: Additions to property, plant & equipment as % of sales | D23: =-Model!D92/Model!D7 -> 0.040780333 | E23: =-Model!E92/Model!E7 -> 0.047384946 | F23: =-Model!F92/Model!F7 -> 0.033591121 | G23: =AVERAGE(D23:F23) -> 0.040585466 | H23: =G23 -> 0.040585466 | I23: =H23 -> 0.040585466 | J23: =I23 -> 0.040585466 | K23: =J23 -> 0.040585466
B24: Other investing activities | D24: =-Model!D96 -> 6 | E24: =-Model!E96 -> 4.2 | F24: =-Model!F96 -> 16 | G24: =AVERAGE(D24:F24) -> 8.7333333 | H24: =G24 -> 8.7333333 | I24: =H24 -> 8.7333333 | J24: =I24 -> 8.7333333 | K24: =J24 -> 8.7333333
B25: Purchases of treasury stock | D25: =-Model!D100 -> 286.2 | E25: =-Model!E100 -> 251.1 | F25: =-Model!F100 -> 625.8 | G25: =AVERAGE(D25:F25) -> 387.7 | H25: =G25 -> 387.7 | I25: =H25 -> 387.7 | J25: =I25 -> 387.7 | K25: =J25 -> 387.7
B26: Sale of treasury stock to employee benefit plans | D26: =Model!D101 -> 35.8 | E26: =Model!E101 -> 35.4 | F26: =Model!F101 -> 30.1 | G26: =AVERAGE(D26:F26) -> 33.766667 | H26: =G26 -> 33.766667 | I26: =H26 -> 33.766667 | J26: =I26 -> 33.766667 | K26: =J26 -> 33.766667
B27: Proceeds from exercise of stock options | D27: =Model!D102 -> 15.7 | E27: =Model!E102 -> 50.4 | F27: =Model!F102 -> 17.4 | G27: =AVERAGE(D27:F27) -> 27.833333 | H27: =G27 -> 27.833333 | I27: =H27 -> 27.833333 | J27: =I27 -> 27.833333 | K27: =J27 -> 27.833333
B28: Payments of dividends as % of net income | D28: =-Model!D103/Model!D28 -> 0.13668342 | E28: =-Model!E103/Model!E28 -> 0.11773428 | F28: =-Model!F103/Model!F28 -> 0.12621723 | G28: =AVERAGE(D28:F28) -> 0.12687831 | H28: =G28 -> 0.12687831 | I28: =H28 -> 0.12687831 | J28: =I28 -> 0.12687831 | K28: =J28 -> 0.12687831
B30: Debt and interest drivers/assumptions
B31: Short-term (revolver) interest rate | G31: 0.05 | H31: =G31 -> 0.05 | I31: =H31 -> 0.05 | J31: =I31 -> 0.05 | K31: =J31 -> 0.05
B32: Long-term debt blended interest rate | G32: 0.07 | H32: =G32 -> 0.07 | I32: =H32 -> 0.07 | J32: =I32 -> 0.07 | K32: =J32 -> 0.07
B33: Long-term debt maturities | G33: 0 | H33: 0 | I33: 0 | J33: 0 | K33: 0
B34: Interest earned on cash | D34: =Model!D18/AVERAGE(Model!D109:D110) -> 0.023677395 | E34: =Model!E18/AVERAGE(Model!E109:E110) -> 0.021256759 | F34: =Model!F18/AVERAGE(Model!F109:F110) -> 0.017827466 | G34: =AVERAGE(D34:F34) -> 0.02092054 | H34: =G34 -> 0.02092054 | I34: =H34 -> 0.02092054 | J34: =I34 -> 0.02092054 | K34: =J34 -> 0.02092054

Sheet Model
B1: RADIO SHACK FINANCIAL MODEL
B2: Model
D3: HISTORICAL FINANCIAL STATEMENTS | G3: PROJECTED FINANCIAL STATEMENTS
B4: ($ in millions) | D4: Fiscal Year Ending December 31, | G4: Fiscal Year Ending December 31,
D5: 2003 | E5: =D5+1 -> 2004 | F5: =E5+1 -> 2005 | G5: =F5+1 -> 2006 | H5: =G5+1 -> 2007 | I5: =H5+1 -> 2008 | J5: =I5+1 -> 2009 | K5: =J5+1 -> 2010
B6: Income Statement
B7: Net sales | D7: 4649.3 | E7: 4841.2 | F7: 5081.7 | G7: =F7*(1+Assumptions!G7) -> 5312.7974 | H7: =G7*(1+Assumptions!H7) -> 5554.4043 | I7: =H7*(1+Assumptions!I7) -> 5806.9986 | J7: =I7*(1+Assumptions!J7) -> 6071.08 | K7: =J7*(1+Assumptions!K7) -> 6347.1708
B8: Cost of products sold | D8: 2333.6 | E8: 2406.7 | F8: 2706.3 | G8: =G7*Assumptions!G8 -> 2712.3811 | H8: =H7*Assumptions!H8 -> 2835.7305 | I8: =I7*Assumptions!I8 -> 2964.6893 | J8: =J7*Assumptions!J8 -> 3099.5127 | K8: =K7*Assumptions!K8 -> 3240.4673
B9: Gross profit | D9: =D7-D8 -> 2315.7 | E9: =E7-E8 -> 2434.5 | F9: =F7-F8 -> 2375.4 | G9: =G7-G8 -> 2600.4163 | H9: =H7-H8 -> 2718.6738 | I9: =I7-I8 -> 2842.3093 | J9: =J7-J8 -> 2971.5673 | K9: =K7-K8 -> 3106.7035
B11: Operating expenses
B12: Selling, general and administrative | D12: 1740 | E12: 1774.8 | F12: 1901.7 | G12: =G7*Assumptions!G9 -> 1974.7285 | H12: =H7*Assumptions!H9 -> 2064.532 | I12: =I7*Assumptions!I9 -> 2158.4195 | J12: =J7*Assumptions!J9 -> 2256.5767 | K12: =K7*Assumptions!K9 -> 2359.1976
B13: Depreciation and amortization | D13: 92 | E13: 101.4 | F13: 123.8 | G13: =G7*Assumptions!G10 -> 115.27898 | H13: =H7*Assumptions!H10 -> 120.52145 | I13: =I7*Assumptions!I10 -> 126.00233 | J13: =J7*Assumptions!J10 -> 131.73246 | K13: =K7*Assumptions!K10 -> 137.72318
B14: Total operating expenses | D14: =D12+D13 -> 1832 | E14: =E12+E13 -> 1876.2 | F14: =F12+F13 -> 2025.5 | G14: =G12+G13 -> 2090.0075 | H14: =H12+H13 -> 2185.0535 | I14: =I12+I13 -> 2284.4218 | J14: =J12+J13 -> 2388.3091 | K14: =K12+K13 -> 2496.9208
B16: Operating income | D16: =D9-D14 -> 483.7 | E16: =E9-E14 -> 558.3 | F16: =F9-F14 -> 349.9 | G16: =G9-G14 -> 510.40881 | H16: =H9-H14 -> 533.62037 | I16: =I9-I14 -> 557.8875 | J16: =J9-J14 -> 583.25822 | K16: =K9-K14 -> 609.7827
B18: Interest income | D18: 12.8 | E18: 11.4 | F18: 5.9 | G18: =G131 -> 2.3431005 | H18: =H131 -> 0 | I18: =I131 -> 0 | J18: =J131 -> 0 | K18: =K131 -> 0
B19: Interest expense | D19: -35.7 | E19: -29.6 | F19: -44.5 | G19: =-G129 -> -35.758831 | H19: =-H129 -> -38.825116 | I19: =-I129 -> -46.715904 | J19: =-J129 -> -54.393189 | K19: =-K129 -> -61.829559
B20: Other income, net | D20: 12 | E20: 2 | F20: 10.2 | G20: =Assumptions!G11 -> 8.0666667 | H20: =Assumptions!H11 -> 8.0666667 | I20: =Assumptions!I11 -> 8.0666667 | J20: =Assumptions!J11 -> 8.0666667 | K20: =Assumptions!K11 -> 8.0666667
B22: Income before income taxes | D22: =SUM(D16:D20) -> 472.8 | E22: =SUM(E16:E20) -> 542.1 | F22: =SUM(F16:F20) -> 321.5 | G22: =SUM(G16:G20) -> 485.05975 | H22: =SUM(H16:H20) -> 502.86192 | I22: =SUM(I16:I20) -> 519.23826 | J22: =SUM(J16:J20) -> 536.93169 | K22: =SUM(K16:K20) -> 556.01981
B24: Provision for income taxes | D24: 174.3 | E24: 204.9 | F24: 51.6 | G24: =G22*Assumptions!G12 -> 146.67027 | H24: =H22*Assumptions!H12 -> 152.05321 | I24: =I22*Assumptions!I12 -> 157.00502 | J24: =J22*Assumptions!J12 -> 162.35508 | K24: =K22*Assumptions!K12 -> 168.12687
B25: Income before cumulative effect of change in accounting principle | D25: =D22-D24 -> 298.5 | E25: =E22-E24 -> 337.2 | F25: =F22-F24 -> 269.9 | G25: =G22-G24 -> 338.38948 | H25: =H22-H24 -> 350.80871 | I25: =I22-I24 -> 362.23324 | J25: =J22-J24 -> 374.57661 | K25: =K22-K24 -> 387.89294
B27: Cumulative effect of change in accounting principle | D27: 0 | E27: 0 | F27: -2.9 | G27: 0 | H27: 0 | I27: 0 | J27: 0 | K27: 0
B28: Net income | D28: =D25+D27 -> 298.5 | E28: =E25+E27 -> 337.2 | F28: =F25+F27 -> 267 | G28: =G25+G27 -> 338.38948 | H28: =H25+H27 -> 350.80871 | I28: =I25+I27 -> 362.23324 | J28: =J25+J27 -> 374.57661 | K28: =K25+K27 -> 387.89294
B32: Balance Sheet
B33: Assets
B34: Current Assets:
B35: Cash and cash equivalents | E35: 437.9 | F35: 224 | G35: =G110 -> 0 | H35: =H110 -> 0 | I35: =I110 -> 0 | J35: =J110 -> 0 | K35: =K110 -> 0
B36: Accounts and notes receivable | E36: 241 | F36: 309.4 | G36: =Assumptions!G16*Model!G7/365 -> 293.97351 | H36: =Assumptions!H16*Model!H7/365 -> 307.34236 | I36: =Assumptions!I16*Model!I7/365 -> 321.31918 | J36: =Assumptions!J16*Model!J7/365 -> 335.93162 | K36: =Assumptions!K16*Model!K7/365 -> 351.20858
B37: Inventories | E37: 1003.7 | F37: 964.9 | G37: =Assumptions!G17*Model!G8/365 -> 1049.1253 | H37: =Assumptions!H17*Model!H8/365 -> 1096.8358 | I37: =Assumptions!I17*Model!I8/365 -> 1146.7159 | J37: =Assumptions!J17*Model!J8/365 -> 1198.8644 | K37: =Assumptions!K17*Model!K8/365 -> 1253.3845
B38: Other current assets | E38: 92.5 | F38: 129 | G38: =Assumptions!G18*Model!G7 -> 118.18859 | H38: =Assumptions!H18*Model!H7 -> 123.56339 | I38: =Assumptions!I18*Model!I7 -> 129.1826 | J38: =Assumptions!J18*Model!J7 -> 135.05736 | K38: =Assumptions!K18*Model!K7 -> 141.19929
B40: Total current assets | E40: =SUM(E35:E38) -> 1775.1 | F40: =SUM(F35:F38) -> 1627.3 | G40: =SUM(G35:G38) -> 1461.2874 | H40: =SUM(H35:H38) -> 1527.7415 | I40: =SUM(I35:I38) -> 1597.2177 | J40: =SUM(J35:J38) -> 1669.8534 | K40: =SUM(K35:K38) -> 1745.7923
B42: Property plant and equipment, net | E42: 652 | F42: 476.2 | G42: =F42-G92-G93-G13 -> 576.54339 | H42: =G42-H92-H93-H13 -> 681.45003 | I42: =H42-I92-I93-I13 -> 791.12745 | J42: =I42-J92-J93-J13 -> 905.7926 | K42: =J42-K92-K93-K13 -> 1025.6723
B43: Other assets, net | E43: 89.6 | F43: 101.6 | G43: =F43-G96 -> 110.33333 | H43: =G43-H96 -> 119.06667 | I43: =H43-I96 -> 127.8 | J43: =I43-J96 -> 136.53333 | K43: =J43-K96 -> 145.26667
B44: Total assets | E44: =SUM(E40:E43) -> 2516.7 | F44: =SUM(F40:F43) -> 2205.1 | G44: =SUM(G40:G43) -> 2148.1642 | H44: =SUM(H40:H43) -> 2328.2582 | I44: =SUM(I40:I43) -> 2516.1451 | J44: =SUM(J40:J43) -> 2712.1793 | K44: =SUM(K40:K43) -> 2916.7313
B46: Liabilities and Stockholders' Equity
B47: Current liabilities:
B48: Short-term debt | E48: 55.6 | F48: 40.9 | G48: =G118 -> 3.7332487 | H48: =H118 -> 163.55138 | I48: =I118 -> 319.3648 | J48: =J118 -> 470.64276 | K48: =K118 -> 616.81961
B49: Accounts payable | E49: 442.2 | F49: 490.9 | G49: =Assumptions!G19*Model!G8/365 -> 495.18401 | H49: =Assumptions!H19*Model!H8/365 -> 517.7032 | I49: =Assumptions!I19*Model!I8/365 -> 541.24647 | J49: =Assumptions!J19*Model!J8/365 -> 565.86041 | K49: =Assumptions!K19*Model!K8/365 -> 591.59371
B50: Accrued expenses and other current liabilities | E50: 342.1 | F50: 379.5 | G50: =Assumptions!G20*Model!G7 -> 386.0917 | H50: =Assumptions!H20*Model!H7 -> 403.64976 | I50: =Assumptions!I20*Model!I7 -> 422.00629 | J50: =Assumptions!J20*Model!J7 -> 441.19762 | K50: =Assumptions!K20*Model!K7 -> 461.2617
B51: Income taxes payable | E51: 117.5 | F51: 75 | G51: =F51 -> 75 | H51: =G51 -> 75 | I51: =H51 -> 75 | J51: =I51 -> 75 | K51: =J51 -> 75
B53: Total current liabilities | E53: =SUM(E48:E51) -> 957.4 | F53: =SUM(F48:F51) -> 986.3 | G53: =SUM(G48:G51) -> 960.00896 | H53: =SUM(H48:H51) -> 1159.9043 | I53: =SUM(I48:I51) -> 1357.6176 | J53: =SUM(J48:J51) -> 1552.7008 | K53: =SUM(K48:K51) -> 1744.675
B55: Long-term debt | E55: 506.9 | F55: 494.9 | G55: =G125 -> 494.9 | H55: =H125 -> 494.9 | I55: =I125 -> 494.9 | J55: =J125 -> 494.9 | K55: =K125 -> 494.9
B56: Other non-current liabilities | E56: 130.3 | F56: 135.1 | G56: =Model!F56 -> 135.1 | H56: =Model!G56 -> 135.1 | I56: =Model!H56 -> 135.1 | J56: =Model!I56 -> 135.1 | K56: =Model!J56 -> 135.1
B58: Total liabilities | E58: =SUM(E53:E56) -> 1594.6 | F58: =SUM(F53:F56) -> 1616.3 | G58: =SUM(G53:G56) -> 1590.009 | H58: =SUM(H53:H56) -> 1789.9043 | I58: =SUM(I53:I56) -> 1987.6176 | J58: =SUM(J53:J56) -> 2182.7008 | K58: =SUM(K53:K56) -> 2374.675
B60: Stockholders' equity:
B61: Series A Preferred | E61: 0 | F61: 0 | G61: =F61 -> 0 | H61: =G61 -> 0 | I61: =H61 -> 0 | J61: =I61 -> 0 | K61: =J61 -> 0
B62: Series B Preferred | E62: 0 | F62: 0 | G62: =F62 -> 0 | H62: =G62 -> 0 | I62: =H62 -> 0 | J62: =I62 -> 0 | K62: =J62 -> 0
B63: Common stock | E63: 191 | F63: 191 | G63: =F63 -> 191 | H63: =G63 -> 191 | I63: =H63 -> 191 | J63: =I63 -> 191 | K63: =J63 -> 191
B64: Additional paid-in capital | E64: 82.7 | F64: 88.2 | G64: =F64 -> 88.2 | H64: =G64 -> 88.2 | I64: =H64 -> 88.2 | J64: =I64 -> 88.2 | K64: =J64 -> 88.2
B65: Retained earnings | E65: 1508.1 | F65: 1741.4 | G65: =F65+G28+G103 -> 2036.8552 | H65: =G65+H28+H103 -> 2343.1539 | I65: =H65+I28+I103 -> 2659.4276 | J65: =I65+J28+J103 -> 2986.4785 | K65: =J65+K28+K103 -> 3325.1563
B66: Treasury stock | E66: -859.4 | F66: -1431.6 | G66: =F66+G100+G101+G102 -> -1757.7 | H66: =G66+H100+H101+H102 -> -2083.8 | I66: =H66+I100+I101+I102 -> -2409.9 | J66: =I66+J100+J101+J102 -> -2736 | K66: =J66+K100+K101+K102 -> -3062.1
B67: Unearned compensation | E67: 0 | F67: -0.5 | G67: =F67 -> -0.5 | H67: =G67 -> -0.5 | I67: =H67 -> -0.5 | J67: =I67 -> -0.5 | K67: =J67 -> -0.5
B68: Accumulated other comprehensive income | E68: -0.3 | F68: 0.3 | G68: =F68 -> 0.3 | H68: =G68 -> 0.3 | I68: =H68 -> 0.3 | J68: =I68 -> 0.3 | K68: =J68 -> 0.3
B69: Total stockholders' equity | E69: =SUM(E61:E68) -> 922.1 | F69: =SUM(F61:F68) -> 588.8 | G69: =SUM(G61:G68) -> 558.15519 | H69: =SUM(H61:H68) -> 538.35389 | I69: =SUM(I61:I68) -> 528.52759 | J69: =SUM(J61:J68) -> 529.47855 | K69: =SUM(K61:K68) -> 542.05629
B71: Total liabilties and stockholders' equity | E71: =E69+E58 -> 2516.7 | F71: =F69+F58 -> 2205.1 | G71: =G69+G58 -> 2148.1642 | H71: =H69+H58 -> 2328.2582 | I71: =I69+I58 -> 2516.1451 | J71: =J69+J58 -> 2712.1793 | K71: =K69+K58 -> 2916.7313
B73: Check | E73: =E71=E44 -> TRUE | F73: =F71=F44 -> TRUE | G73: =G71=G44 -> TRUE | H73: =H71=H44 -> TRUE | I73: =I71=I44 -> TRUE | J73: =J71=J44 -> TRUE | K73: =K71=K44 -> TRUE
B77: Cash Flow
B78: Cash flow from operating activities:
B79: Net income | D79: 298.5 | E79: 337.2 | F79: 267 | G79: =G28 -> 338.38948 | H79: =H28 -> 350.80871 | I79: =I28 -> 362.23324 | J79: =J28 -> 374.57661 | K79: =K28 -> 387.89294
B80: Depreciation and amortization | D80: 92 | E80: 101.4 | F80: 123.8 | G80: =G13 -> 115.27898 | H80: =H13 -> 120.52145 | I80: =I13 -> 126.00233 | J80: =J13 -> 131.73246 | K80: =K13 -> 137.72318
B81: Cumulative effect of change in accounting principle | D81: 0 | E81: 0 | F81: 4.7 | G81: =G27 -> 0 | H81: =H27 -> 0 | I81: =I27 -> 0 | J81: =J27 -> 0 | K81: =K27 -> 0
B82: Deferred income taxes and other items | D82: 51.7 | E82: 50.2 | F82: -76.9 | G82: 0 | H82: 0 | I82: 0 | J82: 0 | K82: 0
B83: Provision for credit losses and bad debts | D83: 0.4 | E83: -0.3 | F83: 0.1 | G83: 0 | H83: 0 | I83: 0 | J83: 0 | K83: 0
B84: Changing in operating assets and liabilities:
B85: Accounts and note receivable | D85: 17.2 | E85: -53 | F85: -68.2 | G85: =F36-G36 -> 15.426495 | H85: =G36-H36 -> -13.368856 | I85: =H36-I36 -> -13.976824 | J85: =I36-J36 -> -14.612439 | K85: =J36-K36 -> -15.27696
B86: Inventories | D86: 202.3 | E86: -234.2 | F86: 38.8 | G86: =F37-G37 -> -84.225332 | H86: =G37-H37 -> -47.710441 | I86: =H37-I37 -> -49.88014 | J86: =I37-J37 -> -52.14851 | K86: =J37-K37 -> -54.520036
B87: Other current assets | D87: -5.2 | E87: -7.5 | F87: 28.5 | G87: =F38-G38 -> 10.811406 | H87: =G38-H38 -> -5.3747916 | I87: =H38-I38 -> -5.6192177 | J87: =I38-J38 -> -5.8747595 | K87: =J38-K38 -> -6.1419224
B88: Accounts payable, accrued expenses and income taxes payable and other | D88: -5 | E88: 158.7 | F88: 45.1 | G88: =SUM(G49:G51)-SUM(F49:F51) -> 10.875707 | H88: =SUM(H49:H51)-SUM(G49:G51) -> 40.077245 | I88: =SUM(I49:I51)-SUM(H49:H51) -> 41.899814 | J88: =SUM(J49:J51)-SUM(I49:I51) -> 43.805266 | K88: =SUM(K49:K51)-SUM(J49:J51) -> 45.797372
B89: Net cash provided by operating activities | D89: =SUM(D79:D88) -> 651.9 | E89: =SUM(E79:E88) -> 352.5 | F89: =SUM(F79:F88) -> 362.9 | G89: =SUM(G79:G88) -> 406.55673 | H89: =SUM(H79:H88) -> 444.95331 | I89: =SUM(I79:I88) -> 460.6592 | J89: =SUM(J79:J88) -> 477.47863 | K89: =SUM(K79:K88) -> 495.47457
B91: Cash flow from investing activities:
B92: Additions to property, plant and equipment | D92: -189.6 | E92: -229.4 | F92: -170.7 | G92: =-Assumptions!G23*Model!G7 -> -215.62236 | H92: =-Assumptions!H23*Model!H7 -> -225.42809 | I92: =-Assumptions!I23*Model!I7 -> -235.67975 | J92: =-Assumptions!J23*Model!J7 -> -246.39761 | K92: =-Assumptions!K23*Model!K7 -> -257.60289
B93: Proceeds from sale of property, plant and equipment | D93: 2 | E93: 2.5 | F93: 226 | G93: 0 | H93: 0 | I93: 0 | J93: 0 | K93: 0
B94: Proceeds from sale of installation subsidiary | D94: 4.7 | E94: 0 | F94: 0 | G94: 0 | H94: 0 | I94: 0 | J94: 0 | K94: 0
B95: Purchase of kiosk business | D95: 0 | E95: -59.1 | F95: 0 | G95: 0 | H95: 0 | I95: 0 | J95: 0 | K95: 0
B96: Other investing activities | D96: -6 | E96: -4.2 | F96: -16 | G96: =-Assumptions!G24 -> -8.7333333 | H96: =-Assumptions!H24 -> -8.7333333 | I96: =-Assumptions!I24 -> -8.7333333 | J96: =-Assumptions!J24 -> -8.7333333 | K96: =-Assumptions!K24 -> -8.7333333
B97: Net cash provided by (used in) investing activities | D97: =SUM(D92:D96) -> -188.9 | E97: =SUM(E92:E96) -> -290.2 | F97: =SUM(F92:F96) -> 39.3 | G97: =SUM(G92:G96) -> -224.35569 | H97: =SUM(H92:H96) -> -234.16142 | I97: =SUM(I92:I96) -> -244.41308 | J97: =SUM(J92:J96) -> -255.13095 | K97: =SUM(K92:K96) -> -266.33622
B99: Cash flow from financing activities:
B100: Purchases of treasury stock | D100: -286.2 | E100: -251.1 | F100: -625.8 | G100: =-Assumptions!G25 -> -387.7 | H100: =-Assumptions!H25 -> -387.7 | I100: =-Assumptions!I25 -> -387.7 | J100: =-Assumptions!J25 -> -387.7 | K100: =-Assumptions!K25 -> -387.7
B101: Sale of treasury stock to employee benefit plans | D101: 35.8 | E101: 35.4 | F101: 30.1 | G101: =Assumptions!G26 -> 33.766667 | H101: =Assumptions!H26 -> 33.766667 | I101: =Assumptions!I26 -> 33.766667 | J101: =Assumptions!J26 -> 33.766667 | K101: =Assumptions!K26 -> 33.766667
B102: Proceeds from exercise of stock options | D102: 15.7 | E102: 50.4 | F102: 17.4 | G102: =Assumptions!G27 -> 27.833333 | H102: =Assumptions!H27 -> 27.833333 | I102: =Assumptions!I27 -> 27.833333 | J102: =Assumptions!J27 -> 27.833333 | K102: =Assumptions!K27 -> 27.833333
B103: Payments of dividends | D103: -40.8 | E103: -39.7 | F103: -33.7 | G103: =-Assumptions!G28*Model!G28 -> -42.934285 | H103: =-Assumptions!H28*Model!H28 -> -44.510016 | I103: =-Assumptions!I28*Model!I28 -> -45.959541 | J103: =-Assumptions!J28*Model!J28 -> -47.525647 | K103: =-Assumptions!K28*Model!K28 -> -49.215201
B104: Changes in short-term borrowings, net | D104: 20.7 | E104: -14 | F104: -4 | G104: =G117 -> -37.166751 | H104: =H117 -> 159.81813 | I104: =I117 -> 155.81342 | J104: =J117 -> 151.27796 | K104: =K117 -> 146.17685
B105: Repayments of long-term borrowings | D105: -20 | E105: -40.1 | F105: -0.1 | G105: =G124 -> 0 | H105: =H124 -> 0 | I105: =I124 -> 0 | J105: =J124 -> 0 | K105: =K124 -> 0
B106: Net cash used in financing activities | D106: =SUM(D100:D105) -> -274.8 | E106: =SUM(E100:E105) -> -259.1 | F106: =SUM(F100:F105) -> -616.1 | G106: =SUM(G100:G105) -> -406.20104 | H106: =SUM(H100:H105) -> -210.79189 | I106: =SUM(I100:I105) -> -216.24612 | J106: =SUM(J100:J105) -> -222.34768 | K106: =SUM(K100:K105) -> -229.13835
B108: Net (decrease)/increase in cash and cash equivalents | D108: =D106+D97+D89 -> 188.2 | E108: =E106+E97+E89 -> -196.8 | F108: =F106+F97+F89 -> -213.9 | G108: =G106+G97+G89 -> -224 | H108: =H106+H97+H89 -> 0 | I108: =I106+I97+I89 -> 0 | J108: =J106+J97+J89 -> 0 | K108: =K106+K97+K89 -> 0
B109: Cash and cash equivalents, beginning of period | D109: 446.5 | E109: 634.7 | F109: 437.9 | G109: =F110 -> 224 | H109: =G110 -> 0 | I109: =H110 -> 0 | J109: =I110 -> 0 | K109: =J110 -> 0
B110: Cash and cash equivalents, end of period | D110: =D108+D109 -> 634.7 | E110: =E108+E109 -> 437.9 | F110: =F108+F109 -> 224 | G110: =G108+G109 -> 0 | H110: =H108+H109 -> 0 | I110: =I108+I109 -> 0 | J110: =J108+J109 -> 0 | K110: =K108+K109 -> 0
B112: Cash flow before short-term debt (revolver) | G112: =G89+G97+SUM(G100:G103)+G109+G105 -> 37.166751 | H112: =H89+H97+SUM(H100:H103)+H109+H105 -> -159.81813 | I112: =I89+I97+SUM(I100:I103)+I109+I105 -> -155.81342 | J112: =J89+J97+SUM(J100:J103)+J109+J105 -> -151.27796 | K112: =K89+K97+SUM(K100:K103)+K109+K105 -> -146.17685
B114: Debt and Interest Schedule
B115: Short-term debt (Revolving Credit Facility)
B116: Beginning Balance | G116: =F48 -> 40.9 | H116: =G48 -> 3.7332487 | I116: =H48 -> 163.55138 | J116: =I48 -> 319.3648 | K116: =J48 -> 470.64276
B117: (Paydown) / Drawdown | G117: =-MIN(G116,G112) -> -37.166751 | H117: =-MIN(H116,H112) -> 159.81813 | I117: =-MIN(I116,I112) -> 155.81342 | J117: =-MIN(J116,J112) -> 151.27796 | K117: =-MIN(K116,K112) -> 146.17685
B118: Ending Balance | G118: =G116+G117 -> 3.7332487 | H118: =H116+H117 -> 163.55138 | I118: =I116+I117 -> 319.3648 | J118: =J116+J117 -> 470.64276 | K118: =K116+K117 -> 616.81961
B119: Interest Rate | G119: =Assumptions!G31 -> 0.05 | H119: =Assumptions!H31 -> 0.05 | I119: =Assumptions!I31 -> 0.05 | J119: =Assumptions!J31 -> 0.05 | K119: =Assumptions!K31 -> 0.05
B120: Interest Expense | G120: =G119*AVERAGE(G116,G118) -> 1.1158312 | H120: =H119*AVERAGE(H116,H118) -> 4.1821156 | I120: =I119*AVERAGE(I116,I118) -> 12.072904 | J120: =J119*AVERAGE(J116,J118) -> 19.750189 | K120: =K119*AVERAGE(K116,K118) -> 27.186559
B122: Long-term debt
B123: Beginning Balance | G123: =F55 -> 494.9 | H123: =G55 -> 494.9 | I123: =H55 -> 494.9 | J123: =I55 -> 494.9 | K123: =J55 -> 494.9
B124: (Paydown) / Drawdown | G124: =-Assumptions!G33 -> 0 | H124: =-Assumptions!H33 -> 0 | I124: =-Assumptions!I33 -> 0 | J124: =-Assumptions!J33 -> 0 | K124: =-Assumptions!K33 -> 0
B125: Ending Balance | G125: =G123+G124 -> 494.9 | H125: =H123+H124 -> 494.9 | I125: =I123+I124 -> 494.9 | J125: =J123+J124 -> 494.9 | K125: =K123+K124 -> 494.9
B126: Interest Rate | G126: =Assumptions!G32 -> 0.07 | H126: =Assumptions!H32 -> 0.07 | I126: =Assumptions!I32 -> 0.07 | J126: =Assumptions!J32 -> 0.07 | K126: =Assumptions!K32 -> 0.07
B127: Interest Expense | G127: =G126*AVERAGE(G123,G125) -> 34.643 | H127: =H126*AVERAGE(H123,H125) -> 34.643 | I127: =I126*AVERAGE(I123,I125) -> 34.643 | J127: =J126*AVERAGE(J123,J125) -> 34.643 | K127: =K126*AVERAGE(K123,K125) -> 34.643
...

Sheet DCF
B1: RADIO SHACK Model
B2: Discounted Cash Flow Analysis
B4: ($ in millions)
F5: Fiscal Year Ending December 31,
F6: =Model!G5 -> 2006 | G6: =Model!H5 -> 2007 | H6: =Model!I5 -> 2008 | I6: =Model!J5 -> 2009 | J6: =Model!K5 -> 2010 | L6: Terminal Value
B8: Net sales | F8: =Model!G7 -> 5312.7974 | G8: =Model!H7 -> 5554.4043 | H8: =Model!I7 -> 5806.9986 | I8: =Model!J7 -> 6071.08 | J8: =Model!K7 -> 6347.1708
B10: EBITDA | F10: =Model!G9-Model!G12 -> 625.68779 | G10: =Model!H9-Model!H12 -> 654.14182 | H10: =Model!I9-Model!I12 -> 683.88983 | I10: =Model!J9-Model!J12 -> 714.99068 | J10: =Model!K9-Model!K12 -> 747.50588 | O10: DCF Assumptions
B12: EBIT | F12: =Model!G16 -> 510.40881 | G12: =Model!H16 -> 533.62037 | H12: =Model!I16 -> 557.8875 | I12: =Model!J16 -> 583.25822 | J12: =Model!K16 -> 609.7827 | O12: Tax Rate | Q12: 0.4
B13: Less: Taxes | F13: =$Q$12*F12 -> 204.16353 | G13: =$Q$12*G12 -> 213.44815 | H13: =$Q$12*H12 -> 223.155 | I13: =$Q$12*I12 -> 233.30329 | J13: =$Q$12*J12 -> 243.91308 | O13: Discount rate | Q13: 0.12
B14: Debt-free earnings | F14: =F12-F13 -> 306.24529 | G14: =G12-G13 -> 320.17222 | H14: =H12-H13 -> 334.7325 | I14: =I12-I13 -> 349.95493 | J14: =J12-J13 -> 365.86962 | O14: Terminal multiple | Q14: 7
B15: Less: capital expenditures | F15: =Model!G92 -> -215.62236 | G15: =Model!H92 -> -225.42809 | H15: =Model!I92 -> -235.67975 | I15: =Model!J92 -> -246.39761 | J15: =Model!K92 -> -257.60289 | O15: Valuation Date | Q15: 38717
B16: Less: (increase)/decrease in working capital | F16: =SUM(Model!G85:G88) -> -47.111725 | G16: =SUM(Model!H85:H88) -> -26.376844 | H16: =SUM(Model!I85:I88) -> -27.576368 | I16: =SUM(Model!J85:J88) -> -28.830442 | J16: =SUM(Model!K85:K88) -> -30.141547 | L16: 2010 EBITDA | M16: =J10 -> 747.50588
B17: Plus: depreciation and amortization | F17: =Model!G13 -> 115.27898 | G17: =Model!H13 -> 120.52145 | H17: =Model!I13 -> 126.00233 | I17: =Model!J13 -> 131.73246 | J17: =Model!K13 -> 137.72318 | L17: Terminal multiple | M17: =Q14 -> 7
B18: Net debt-free cash flow | F18: =SUM(F14:F17) -> 158.79018 | G18: =SUM(G14:G17) -> 188.88874 | H18: =SUM(H14:H17) -> 197.47872 | I18: =SUM(I14:I17) -> 206.45934 | J18: =SUM(J14:J17) -> 215.84836 | L18: Terminal value | M18: =M16*M17 -> 5232.5412
B20: Discount period | F20: 1 | G20: =F20+1 -> 2 | H20: =G20+1 -> 3 | I20: =H20+1 -> 4 | J20: =I20+1 -> 5 | L20: =B20 -> Discount period | M20: =J20 -> 5
B21: Discount factor | F21: =1/((1+$Q$13)^F20) -> 0.89285714 | G21: =1/((1+$Q$13)^G20) -> 0.79719388 | H21: =1/((1+$Q$13)^H20) -> 0.71178025 | I21: =1/((1+$Q$13)^I20) -> 0.63551808 | J21: =1/((1+$Q$13)^J20) -> 0.56742686 | L21: =B21 -> Discount factor | M21: =J21 -> 0.56742686
B23: Present value fo debt-free cash flow | F23: =F18*F21 -> 141.77695 | G23: =G18*G21 -> 150.58094 | H23: =H18*H21 -> 140.56145 | I23: =I18*I21 -> 131.20864 | J23: =J18*J21 -> 122.47816 | L23: PV of terminal value | M23: =M18*M21 -> 2969.0844
B25: Present value of enterprise | D25: =SUM(F23:J23,M23) -> 3655.6905
B28: DCF Sensitivity analysis
F29: Terminal multiple
E30: =D25 -> 3655.6905 | F30: =G30-0.5 -> 6 | G30: =H30-0.5 -> 6.5 | H30: 7 | I30: =H30+0.5 -> 7.5 | J30: =I30+0.5 -> 8
D31: Discount Rate | E31: =E32-1% -> 0.1 | F31: 3508.7232 | G31: 3740.7943 | H31: 3972.8655 | I31: 4204.9367 | J31: 4437.0079
E32: =E33-1% -> 0.11 | F32: 3366.5021 | G32: 3588.3063 | H32: 3810.1104 | I32: 4031.9146 | J32: 4253.7188
E33: 0.12 | F33: 3231.5356 | G33: 3443.6131 | H33: 3655.6905 | I33: 3867.768 | J33: 4079.8454
E34: =E33+1% -> 0.13 | F34: 3103.3892 | G34: 3306.2473 | H34: 3509.1054 | I34: 3711.9636 | J34: 3914.8217
E35: =E34+1% -> 0.14 | F35: 2981.658 | G35: 3175.7736 | H35: 3369.8892 | I35: 3564.0047 | J35: 3758.1203
